Map: Neon Violet Square LE

Players

ZabuchPL

  • Race: Zerg Zerg
  • League: Gold
  • Spawn Location: 11:00

iggythefisk

  • Race: Zerg Zerg
  • Spawn Location: 5:00

RaegoN

  • Race: Protoss Protoss

matathemyra

  • Race: Protoss Protoss

VOD

Have the link to the VOD?

Description

Time

  • Played on: Nov. 20, 2017, 1:15 p.m.
  • Length: 5:17
Show
View Real Time Build Order
Export as new Build Order

ZabuchPL Zerg 

Build Orders: Hatch First 

Get SALT Encoding   

  12  0:02  Drone  
  13  0:13  Overlord  
  13  0:18  Drone  
  14  0:36  Drone x3  
  17  1:03  Drone x2  
  19  1:06  Extractor, Hatchery  
  17  1:23  Spawning Pool  
  16  1:27  Drone  
  16  1:30  Drone  
  18  1:35  Drone  
  19  1:43  Drone  
  19  1:45  Extractor  
  19  1:56  Drone  
  21  2:02  Overlord  
  21  2:17  Queen  
  21  2:18  Queen  
  21  2:20  Metabolic Boost  
  25  2:35  Drone  
  25  2:36  Drone x4  
  30  2:57  Pneumatized Carapace  
  29  3:01  Zergling x8  
  33  3:13  Zergling x6  
  36  3:27  Hatchery  
  36  3:32  Overlord  
  35  3:39  Queen  
  35  3:40  Evolution Chamber  
  35  4:01  Zergling x14  
  35  4:02  Zergling x4  
  43  4:12  Lair  
  43  4:17  Overlord  
  43  4:43  Drone x5  
  43  4:44  Drone x3  
  51  4:52  Drone x2  
  51  4:53  Drone  
  51  4:56  Drone  
Show
View Real Time Build Order
Export as new Build Order

iggythefisk Zerg 

Build Orders:  

Get SALT Encoding   

  12  0:01  Probe  
  13  0:13  Probe  
  14  0:21  Pylon  
  14  0:25  Probe  
  15  0:39  Probe  
  15  0:42  Gateway  
  16  0:51  Probe  
  17  1:03  Probe  
  18  1:08  Assimilator  
  17  1:26  Nexus  
  17  1:41  Cybernetics Core  
  17  1:43  Probe (Chrono Boost)  
  19  1:55  Probe (Chrono Boost)  
  19  1:57  Probe  
  20  2:09  Probe (Chrono Boost)  
  20  2:10  Pylon  
  20  2:13  Assimilator  
  21  2:21  Probe (Chrono Boost)  
  22  2:26  Probe  
  22  2:28  Stalker (Chrono Boost)  
  25  2:33  Warp Gate  
  25  2:38  Probe x2  
  27  2:47  Shield Battery  
  27  2:50  Stalker  
  29  2:59  Probe  
  29  3:03  Probe  
  30  3:11  Gateway  
  30  3:12  Probe  
  31  3:20  Stalker, Probe (Chrono Boost)  
  35  3:32  Twilight Council  
  36  3:34  Probe (Chrono Boost)  
  36  3:35  Probe (Chrono Boost)  
  36  3:36  Probe  
  37  3:43  Probe  
  37  3:48  Probe, Pylon  
  38  3:52  Stalker  
  38  3:55  Probe  
  40  4:03  Pylon  
  40  4:05  Probe (Chrono Boost)  
  40  4:08  Stalker  
  45  4:18  Probe (Chrono Boost)  
  46  4:24  Probe (Chrono Boost)  
  46  4:25  Probe (Chrono Boost)  
  46  4:28  Probe  
  47  4:36  Nexus  
  47  4:39  Stalker  
  47  4:41  Probe  
  50  4:47  Probe  
  50  4:52  Stalker  
  49  4:53  Probe  
  49  4:55  Assimilator  
  45  5:04  Gateway  
  45  5:06  Zealot  
Show
View Real Time Build Order
Export as new Build Order

RaegoN Protoss 

Build Orders:  

Get SALT Encoding   

Show
View Real Time Build Order
Export as new Build Order

matathemyra Protoss 

Build Orders:  

Get SALT Encoding   

Tags
 
Add a new tag
Caveats
  • Supply blocks, unpowered buildings, or Contaminate may cause inaccurate times.
  • Supply counts are checked every 10 seconds.